Islanders vs Sharks

Created - 13 octobre 2017 at 15:52

Goals
1 2 3 T
Islanders 0 0 1 1
Sharks 3 3 4 10
Shots
1 2 3 T
Islanders 9 8 14 31
Sharks 14 25 15 54

1st period

1. Sharks , Gabriel Landeskog 2 (Jonathan Drouin 2, Dylan Larkin 1) at 5:00 (PP)
2. Sharks , Sidney Crosby 2 (Jonathan Drouin 3) at 8:11
3. Sharks , Sidney Crosby 3 (Tyson Barrie 3, Patric Hornqvist 1) at 16:44 (PP)

Penalties :
Chris Mueller (NYI) for Slashing (Minor) at 4:25, Kerby Rychel (NYI) for Charging (Minor) at 16:39

2nd period

4. Sharks , Boone Jenner 1 (Jonathan Huberdeau 1, Justin Braun 3) at 10:44
5. Sharks , Steve Bernier 1 (Justin Braun 4, Colton Sceviour 1) at 12:04
6. Sharks , Patric Hornqvist 3 (Sidney Crosby 4, Jonathan Huberdeau 2) at 15:01 (PP)

Penalties :
Radek Faksa (NYI) for Interference (Minor) at 14:47

3rd period

7. Sharks , Patric Hornqvist 4 (Teuvo Teravainen 1, Dylan Larkin 2) at 0:10
8. Islanders , Nicklas Backstrom 1 (Kyle Palmieri 2, Vladimir Tarasenko 3) at 1:07 (PP)
9. Sharks , Jonathan Huberdeau 1 (Tyson Barrie 4, Justin Braun 5) at 9:58
10. Sharks , Mikkel Boedker 1 (Boone Jenner 1, Jonathan Huberdeau 3) at 11:33
11. Sharks , Teuvo Teravainen 1 (Patric Hornqvist 2) at 19:56

Penalties :
Gabriel Landeskog (SJS) for Fighting (Major) at 0:57, Alex Goligoski (NYI) for Fighting (Major) at 0:57, Gabriel Landeskog (SJS) for instigated a fight (Minor) at 0:57, Gabriel Landeskog (SJS) for instigated a fight (10 Minutes Misconduct) at 0:57, Boone Jenner (SJS) for Fighting (Major) at 2:54, Radek Faksa (NYI) for Fighting (Major) at 2:54, Radek Faksa (NYI) for instigated a fight (Minor) at 2:54, Radek Faksa (NYI) for instigated a fight (10 Minutes Misconduct) at 2:54, Chris Mueller (NYI) for Hooking (Minor) at 13:04

Goalie Stats

Corey Crawford (NYI), 44 saves from 54 shots - (0,815), L, 0-4-0, 60:00 minutes
Joonas Korpisalo (SJS), 30 saves from 31 shots - (0,968), W, 2-0-0, 60:00 minutes

Players Stats for Islanders

Player Name              G  A  P  +/- PIM S  H  SB GA TA FO     MP     PP MP  PK MP  
------------------------------------------------------------------------------------
Alex Goligoski           0  0  0  -5  5   1  1  1  1  1  0/0    26:07   0:00   2:06 
Chris Mueller            0  0  0  -2  4   2  0  1  0  0  1/1    15:32   0:00   0:00 
Colin Greening           0  0  0  -1  0   0  3  0  0  0  1/2    11:06   0:00   0:52 
Jake Gardiner            0  0  0  -1  0   2  1  2  0  0  0/0    19:14   0:00   1:47 
Jesper Fast              0  0  0  -2  0   4  1  0  0  0  0/1    16:22   0:00   0:00 
Jordie Benn              0  0  0  -1  0   2  0  0  0  0  0/0    13:39   0:10   0:00 
Justin Scott             0  0  0  -1  0   1  0  0  0  0  1/3     8:17   0:00   0:00 
Karl Alzner              0  0  0  -5  0   2  1  3  1  0  0/0    29:16   0:10   3:05 
Kerby Rychel             0  0  0  -2  2   0  1  0  0  0  0/0    13:19   0:00   0:53 
Kyle Palmieri            0  1  1  -2  0   2  1  0  0  0  1/4    19:52   0:10   1:02 
Logan Shaw               0  0  0  -1  0   2  0  0  0  0  0/0     8:17   0:00   0:00 
Matt Dumba               0  0  0  -1  0   1  0  2  0  0  0/0    19:14   0:00   1:47 
Nicklas Backstrom        1  0  1  -2  0   3  0  0  1  0  26/38  22:14   0:10   2:57 
Radek Faksa              0  0  0  -2  19  1  0  0  4  0  4/5     9:13   0:00   0:00 
Ryan Murray              0  0  0  -1  0   0  2  2  0  0  0/0    12:29   0:00   0:59 
Timo Meier               0  0  0  -2  0   0  0  1  0  1  0/1    11:39   0:00   0:00 
Tyler Bozak              0  0  0  -2  0   3  1  1  1  0  14/21  17:25   0:00   1:03 
Vladimir Tarasenko       0  1  1  -2  0   5  0  1  2  2  1/1    21:47   0:10   2:57 

Players Stats for Sharks

Player Name              G  A  P  +/- PIM S  H  SB GA TA FO     MP     PP MP  PK MP  
------------------------------------------------------------------------------------
Alex Pietrangelo         0  0  0   4  0   2  0  2  0  3  0/0    22:35   3:09   0:10 
Boone Jenner             1  1  2   3  5   3  1  0  0  1  5/15   15:02   0:51   0:00 
Braydon Coburn           0  0  0   4  0   4  4  2  0  1  0/0    22:35   3:09   0:10 
Colton Sceviour          0  1  1   1  0   3  0  0  0  0  0/2     8:02   0:00   0:10 
Dylan Larkin             0  2  2   2  0   4  3  0  0  1  4/18   19:25   2:02   0:00 
Gabriel Landeskog        1  0  1   1  17  2  3  0  1  0  1/1    15:01   0:15   0:00 
Jonathan Drouin          0  2  2   1  0   3  1  1  0  0  0/0    20:03   2:04   0:00 
Jonathan Huberdeau       1  3  4   3  0   3  1  0  0  0  0/1    14:40   2:34   0:00 
Justin Braun             0  3  3   3  0   4  1  4  0  0  0/0    20:53   1:43   0:00 
Kenny Agostino           0  0  0   1  0   2  1  0  0  2  0/0     8:02   0:00   0:10 
Mark Borowiecki          0  0  0   0  0   2  0  2  0  0  0/0    16:32   0:00   0:00 
Mikkel Boedker           1  0  1   3  0   3  0  0  0  0  0/4    13:02   0:29   0:00 
Patric Hornqvist         2  2  4   2  0   11 3  0  1  0  1/3    19:36   2:32   0:00 
Sidney Crosby            2  1  3   1  0   3  2  1  2  0  16/32  20:26   2:27   0:00 
Steve Bernier            1  0  1   1  0   1  1  0  0  0  0/0     7:52   0:00   0:00 
Teuvo Teravainen         1  1  2   2  0   3  1  0  0  0  1/1    18:37   1:22   0:00 
Tyson Barrie             0  2  2   3  0   0  0  0  0  0  0/0    20:53   1:43   0:00 
Zach Werenski            0  0  0   0  0   1  0  1  0  2  0/0    16:32   0:00   0:00 

3 Stars

1 - Patric Hornqvist (SJS)
2 - Jonathan Huberdeau (SJS)
3 - Sidney Crosby (SJS)

Power Play

Islanders - 1 on 1 Attempt(s) - 100,00%
Sharks - 3 on 5 Attempt(s) - 60,00%

Penalty Kill

Islanders - 2 on 5 Attempt(s) - 40,00% - Score 0 goal in Penalty Kill
Sharks - 0 on 1 Attempt(s) - 0,00% - Score 0 goal in Penalty Kill

Team Stat

Islanders - Hits : 12 - Faceoff Wins : 49 - Blocked Shots : 14 - Penalty Minutes : 30
Sharks - Hits : 22 - Faceoff Wins : 28 - Blocked Shots : 13 - Penalty Minutes : 22

Official

Referees : Mike Leggo and Dan O'Rourke
Linesman : Trent Knorr and Scott Cherrey

Game Notes

Alex Goligoski beats up Gabriel Landeskog at 0:57 of 3rd period
Boone Jenner and Radek Faksa fight to a draw at 2:54 of 3rd period

Finance

Level 1 -- Attendance: 6000 (100,00%) -- Ticket Income 600 000 $
Level 2 -- Attendance: 4804 (96,08%) -- Ticket Income 288 240 $
Level 3 -- Attendance: 2000 (100,00%) -- Ticket Income 70 000 $
Level 4 -- Attendance: 4000 (100,00%) -- Ticket Income 80 000 $
Luxury Box -- Attendance: 746 (74,60%) -- Ticket Income 149 200 $
Game was played at the Wananiche.
Total Attendance: 17550 (97,50%)
Total Ticket Income: 1 187 440 $
Other Income: 581 846 $
Total Income: 1 769 286 $

Islanders

5 vs 5 Forward 
   Center                   Left Wing                Right Wing               Time % Phy DF OF 
 1 Nicklas Backstrom        Kyle Palmieri            Vladimir Tarasenko       40     1   2  2  
 2 Tyler Bozak              Jesper Fast              Chris Mueller            30     1   2  2  
 3 Radek Faksa              Kerby Rychel             Timo Meier               20     1   2  2  
 4 Justin Scott             Colin Greening           Logan Shaw               10     1   2  2  

5 vs 5 Defense 
   Defense                  Defense                                           Time % Phy DF OF 
 1 Alex Goligoski           Karl Alzner                                       40     1   2  2  
 2 Jake Gardiner            Matt Dumba                                        30     1   2  2  
 3 Jordie Benn              Ryan Murray                                       20     1   2  2  
 4 Alex Goligoski           Karl Alzner                                       10     1   2  2  

PowerPlay Forward 
   Center                   Left Wing                Right Wing               Time % Phy DF OF 
 1 Nicklas Backstrom        Kyle Palmieri            Vladimir Tarasenko       60     1   2  2  
 2 Tyler Bozak              Jesper Fast              Chris Mueller            40     1   2  2  

PowerPlay Defense
   Defense                  Defense                                           Time % Phy DF OF 
 1 Alex Goligoski           Karl Alzner                                       60     1   2  2  
 2 Jake Gardiner            Matt Dumba                                        40     1   2  2  

Penalty Kill 4 Players Forward 
   Center                   Wing                     Time % Phy DF OF 
 1 Nicklas Backstrom        Vladimir Tarasenko       60     1   2  2  
 2 Kyle Palmieri            Tyler Bozak              40     1   2  2  

Penalty Kill 4 Players Defense
   Defense                  Defense                  Time % Phy DF OF 
 1 Alex Goligoski           Karl Alzner              60     1   2  2  
 2 Jake Gardiner            Matt Dumba               40     1   2  2  

Penalty Kill - 3 Players Forward 
   Forward                                           Time % Phy DF OF 
 1 Nicklas Backstrom                                 60     1   2  2  
 2 Vladimir Tarasenko                                40     1   2  2  

Penalty Kill - 3 Players Defense
   Defense                  Defense                  Time % Phy DF OF 
 1 Alex Goligoski           Karl Alzner              60     1   2  2  
 2 Jake Gardiner            Matt Dumba               40     1   2  2  

4 vs 4 Forward 
   Center                   Wing                     Time % Phy DF OF 
 1 Nicklas Backstrom        Vladimir Tarasenko       60     1   2  2  
 2 Kyle Palmieri            Tyler Bozak              40     1   2  2  

4 vs 4 Defense
   Defense                  Defense                  Time % Phy DF OF 
 1 Alex Goligoski           Karl Alzner              60     1   2  2  
 2 Jake Gardiner            Matt Dumba               40     1   2  2  

Last Minutes Offensive
   Center                   Left Wing                Right Wing               Defense                  Defense                  
   Nicklas Backstrom        Kyle Palmieri            Vladimir Tarasenko       Alex Goligoski           Karl Alzner              

Last Minutes Defensive
   Center                   Left Wing                Right Wing               Defense                  Defense                  
   Nicklas Backstrom        Kyle Palmieri            Vladimir Tarasenko       Alex Goligoski           Karl Alzner              

Goaltenders
Starting : Corey Crawford           
Backup : Al Montoya               

Extra Forwards
Normal : Radek Faksa, Kerby Rychel, Colin Greening - PP : Radek Faksa, Kerby Rychel - PK : Colin Greening
Extra Defensemen
Normal : Jordie Benn, Ryan Murray, Jake Gardiner - PP : Jordie Benn - PK : Ryan Murray, Jake Gardiner
Penalty Shots
Nicklas Backstrom, Vladimir Tarasenko, Kyle Palmieri, Tyler Bozak, Radek Faksa
Custom OT Lines Forwards
Nicklas Backstrom, Vladimir Tarasenko, Kyle Palmieri, Tyler Bozak, Radek Faksa, Jesper Fast, Chris Mueller, Kerby Rychel, Colin Greening, Timo Meier
Custom OT Lines Defensemen
Alex Goligoski, Karl Alzner, Jake Gardiner, Matt Dumba, Jordie Benn

Scratches
Mikhail Grigorenko (Healthy), Brandon Saad (Healthy), James Neal (Healthy), Philip Larsen (Healthy), Gus Young (Healthy)
David Shields (Healthy), Chris Breen (Healthy), Sam Brittain (Healthy), Daniel Altshuller (Healthy)

Sharks

5 vs 5 Forward 
   Center                   Left Wing                Right Wing               Time % Phy DF OF 
 1 Sidney Crosby            Gabriel Landeskog        Jonathan Drouin          36     0   1  4  
 2 Dylan Larkin             Patric Hornqvist         Teuvo Teravainen         34     0   1  4  
 3 Boone Jenner             Jonathan Huberdeau       Mikkel Boedker           25     0   1  4  
 4 Colton Sceviour          Kenny Agostino           Steve Bernier            5      0   1  4  

5 vs 5 Defense 
   Defense                  Defense                                           Time % Phy DF OF 
 1 Alex Pietrangelo         Braydon Coburn                                    36     0   1  4  
 2 Justin Braun             Tyson Barrie                                      34     0   1  4  
 3 Zach Werenski            Mark Borowiecki                                   30     0   1  4  
 4 Alex Pietrangelo         Braydon Coburn                                    0      0   1  4  

PowerPlay Forward 
   Center                   Left Wing                Right Wing               Time % Phy DF OF 
 1 Sidney Crosby            Jonathan Huberdeau       Patric Hornqvist         55     0   1  4  
 2 Dylan Larkin             Jonathan Drouin          Gabriel Landeskog        45     0   1  4  

PowerPlay Defense
   Defense                  Defense                                           Time % Phy DF OF 
 1 Alex Pietrangelo         Braydon Coburn                                    55     0   1  4  
 2 Justin Braun             Tyson Barrie                                      45     0   1  4  

Penalty Kill 4 Players Forward 
   Center                   Wing                     Time % Phy DF OF 
 1 Colton Sceviour          Kenny Agostino           55     0   5  0  
 2 Boone Jenner             Steve Bernier            45     0   5  0  

Penalty Kill 4 Players Defense
   Defense                  Defense                  Time % Phy DF OF 
 1 Alex Pietrangelo         Braydon Coburn           55     0   5  0  
 2 Justin Braun             Tyson Barrie             45     0   5  0  

Penalty Kill - 3 Players Forward 
   Forward                                           Time % Phy DF OF 
 1 Colton Sceviour                                   55     1   4  0  
 2 Steve Bernier                                     45     1   4  0  

Penalty Kill - 3 Players Defense
   Defense                  Defense                  Time % Phy DF OF 
 1 Mark Borowiecki          Braydon Coburn           55     1   4  0  
 2 Justin Braun             Tyson Barrie             45     1   4  0  

4 vs 4 Forward 
   Center                   Wing                     Time % Phy DF OF 
 1 Dylan Larkin             Jonathan Drouin          55     1   2  2  
 2 Colton Sceviour          Steve Bernier            45     1   2  2  

4 vs 4 Defense
   Defense                  Defense                  Time % Phy DF OF 
 1 Alex Pietrangelo         Braydon Coburn           55     1   2  2  
 2 Justin Braun             Tyson Barrie             45     1   2  2  

Last Minutes Offensive
   Center                   Left Wing                Right Wing               Defense                  Defense                  
   Sidney Crosby            Gabriel Landeskog        Jonathan Drouin          Alex Pietrangelo         Braydon Coburn           

Last Minutes Defensive
   Center                   Left Wing                Right Wing               Defense                  Defense                  
   Sidney Crosby            Gabriel Landeskog        Jonathan Drouin          Alex Pietrangelo         Braydon Coburn           

Goaltenders
Starting : Joonas Korpisalo         
Backup : Jake Allen               

Extra Forwards
Normal : Boone Jenner, Dylan Larkin, Mikkel Boedker - PP : Boone Jenner, Dylan Larkin - PK : Mikkel Boedker
Extra Defensemen
Normal : Zach Werenski, Mark Borowiecki, Justin Braun - PP : Zach Werenski - PK : Mark Borowiecki, Justin Braun
Penalty Shots
Sidney Crosby, Gabriel Landeskog, Jonathan Huberdeau, Jonathan Drouin, Patric Hornqvist
Custom OT Lines Forwards
Sidney Crosby, Gabriel Landeskog, Jonathan Huberdeau, Jonathan Drouin, Patric Hornqvist, Boone Jenner, Teuvo Teravainen, Dylan Larkin, Mikkel Boedker, Colton Sceviour
Custom OT Lines Defensemen
Alex Pietrangelo, Braydon Coburn, Justin Braun, Tyson Barrie, Zach Werenski

Scratches
*salaire sharks* (Suspend), Matt Martin (Suspend), Mitch Moroz (Healthy), Garret Ross (Healthy)

% Time on Ice - Islanders

Lines # - Real PCT - Wanted PCT - Time Play
Normal Forward
1 - 35% - 40% - 19:28
2 - 28% - 30% - 15:34
3 - 21% - 20% - 11:39
4 - 15% - 10% - 8:17
Normal Defense
1 - 39% - 40% - 21:33
2 - 30% - 30% - 16:39
3 - 21% - 20% - 11:30
4 - 10% - 10% - 5:16
PP Forward
1 - 100% - 60% - 0:10
2 - 0% - 40% - 0:00
PP Defense
1 - 100% - 60% - 0:10
2 - 0% - 40% - 0:00
PK Forward
1 - 79% - 60% - 3:50
2 - 21% - 40% - 1:02
PK Defense
1 - 73% - 60% - 3:33
2 - 27% - 40% - 1:19
PK3 Forward
1 - 0% - 60%
2 - 0% - 40%
PK3 Defense
1 - 0% - 60%
2 - 0% - 40%
44 Forward
1 - 0% - 60%
2 - 0% - 40%
44 Defense
1 - 0% - 60%
2 - 0% - 40%
Last Minute Offensive  - 0:00
Last Minute Defensive  - 0:00
Total
Forward - 60:00
Defense - 60:00

% Time on Ice - Sharks

Lines # - Real PCT - Wanted PCT - Time Play
Normal Forward
1 - 33% - 36% - 17:59
2 - 31% - 34% - 17:15
3 - 22% - 25% - 11:52
4 - 14% - 5% - 7:52
Normal Defense
1 - 35% - 36% - 19:16
2 - 35% - 34% - 19:10
3 - 30% - 30% - 16:32
4 - 0% - 0% - 0:00
PP Forward
1 - 49% - 55% - 2:22
2 - 51% - 45% - 2:30
PP Defense
1 - 65% - 55% - 3:09
2 - 35% - 45% - 1:43
PK Forward
1 - 100% - 55% - 0:10
2 - 0% - 45% - 0:00
PK Defense
1 - 100% - 55% - 0:10
2 - 0% - 45% - 0:00
PK3 Forward
1 - 0% - 55%
2 - 0% - 45%
PK3 Defense
1 - 0% - 55%
2 - 0% - 45%
44 Forward
1 - 0% - 55%
2 - 0% - 45%
44 Defense
1 - 0% - 55%
2 - 0% - 45%
Last Minute Offensive  - 0:00
Last Minute Defensive  - 0:00
Total
Forward - 60:00
Defense - 60:00

Play by Play

1st period


0:01 of 1st period - Nicklas Backstrom wins face-off versus Sidney Crosby in neutral zone.
0:15 of 1st period - Alex Goligoski is hit by Sidney Crosby.
0:34 of 1st period - Snap shot by Jonathan Drouin.
0:34 of 1st period - Stopped by Corey Crawford with a rebound.
1:16 of 1st period - Boone Jenner is hit by Jake Gardiner and loses puck.
2:31 of 1st period - Boone Jenner is hit by Ryan Murray and loses puck.
2:46 of 1st period - Alex Goligoski is hit by Steve Bernier and loses puck.
3:13 of 1st period - Braydon Coburn is hit by Karl Alzner and loses puck.
3:28 of 1st period - Icing by Jordie Benn.
3:29 of 1st period - Radek Faksa wins face-off versus Colton Sceviour in Islanders zone.
3:43 of 1st period - Off-side.
3:44 of 1st period - Kyle Palmieri wins face-off versus Dylan Larkin in neutral zone.
4:18 of 1st period - Icing by Tyson Barrie.
4:19 of 1st period - Sidney Crosby wins face-off versus Tyler Bozak in Sharks zone.
4:25 of 1st period - Minor Penalty to Chris Mueller for Slashing.
4:26 of 1st period - Nicklas Backstrom wins face-off versus Jonathan Huberdeau in Islanders zone.
4:52 of 1st period - Karl Alzner is hit by Gabriel Landeskog.
5:00 of 1st period - Backhand shot by Gabriel Landeskog.
5:00 of 1st period - Goal by Gabriel Landeskog - Islanders : 0 - Sharks : 1.
5:01 of 1st period - Nicklas Backstrom wins face-off versus Mikkel Boedker in neutral zone.
6:16 of 1st period - Wrist shot by Mikkel Boedker.
6:16 of 1st period - Shot Misses the Net.
6:18 of 1st period - Snap shot by Boone Jenner.
6:18 of 1st period - Shot Misses the Net.
6:20 of 1st period - Slapshot by Braydon Coburn.
6:20 of 1st period - Stopped by Corey Crawford with a rebound.
6:32 of 1st period - Snap shot by Sidney Crosby.
6:32 of 1st period - Deflect By Gabriel Landeskog.
6:32 of 1st period - Stopped by Corey Crawford without a rebound.
6:33 of 1st period - Nicklas Backstrom wins face-off versus Sidney Crosby in Islanders zone.
6:42 of 1st period - Slapshot by Vladimir Tarasenko.
6:42 of 1st period - Stopped by Joonas Korpisalo without a rebound.
6:43 of 1st period - Nicklas Backstrom wins face-off versus Dylan Larkin in Sharks zone.
6:46 of 1st period - Snap shot by Vladimir Tarasenko.
6:46 of 1st period - Deflect By Nicklas Backstrom.
6:46 of 1st period - Shot Misses the Net.
6:46 of 1st period - Puck is out of play.
6:47 of 1st period - Nicklas Backstrom wins face-off versus Dylan Larkin in Sharks zone.
6:52 of 1st period - Wrist shot by Nicklas Backstrom.
6:52 of 1st period - Stopped by Joonas Korpisalo without a rebound.
6:53 of 1st period - Nicklas Backstrom wins face-off versus Dylan Larkin in Sharks zone.
7:04 of 1st period - Snap shot by Patric Hornqvist.
7:04 of 1st period - Stopped by Corey Crawford with a rebound.
7:20 of 1st period - Mark Borowiecki is hit by Kyle Palmieri and loses puck.
7:59 of 1st period - Snap shot by Patric Hornqvist.
7:59 of 1st period - Stopped by Corey Crawford without a rebound.
8:00 of 1st period - Sidney Crosby wins face-off versus Tyler Bozak in Islanders zone.
8:11 of 1st period - Wrist shot by Sidney Crosby.
8:11 of 1st period - Goal by Sidney Crosby - Islanders : 0 - Sharks : 2.
8:12 of 1st period - Tyler Bozak wins face-off versus Sidney Crosby in neutral zone.
8:19 of 1st period - Gabriel Landeskog is hit by Tyler Bozak and loses puck.
8:26 of 1st period - Wrist shot by Justin Braun.
8:26 of 1st period - Stopped by Corey Crawford without a rebound.
8:27 of 1st period - Radek Faksa wins face-off versus Boone Jenner in Islanders zone.
8:33 of 1st period - Slapshot by Alex Goligoski.
8:33 of 1st period - Shot Blocked by Justin Braun.
8:59 of 1st period - Wrist shot by Patric Hornqvist.
8:59 of 1st period - Stopped by Corey Crawford without a rebound.
9:00 of 1st period - Dylan Larkin wins face-off versus Tyler Bozak in Islanders zone.
9:52 of 1st period - Snap shot by Kenny Agostino.
9:52 of 1st period - Shot Misses the Net.
9:54 of 1st period - Slapshot by Justin Braun.
9:54 of 1st period - Stopped by Corey Crawford without a rebound.
9:55 of 1st period - Tyler Bozak wins face-off versus Boone Jenner in Islanders zone.
10:10 of 1st period - Slapshot by Jesper Fast.
10:10 of 1st period - Shot Blocked by Justin Braun.
11:01 of 1st period - Logan Shaw is hit by Kenny Agostino and loses puck.
11:36 of 1st period - Wrist shot by Logan Shaw.
11:36 of 1st period - Stopped by Joonas Korpisalo with a rebound.
11:46 of 1st period - Slapshot by Colin Greening.
11:46 of 1st period - Shot Blocked by Braydon Coburn.
11:48 of 1st period - Wrist shot by Justin Scott.
11:48 of 1st period - Shot Misses the Net.
11:50 of 1st period - Wrist shot by Colin Greening.
11:50 of 1st period - Shot Misses the Net.
11:56 of 1st period - Snap shot by Justin Scott.
11:56 of 1st period - Shot Misses the Net.
12:04 of 1st period - Wrist shot by Colin Greening.
12:04 of 1st period - Shot Misses the Net.
12:06 of 1st period - Snap shot by Jordie Benn.
12:06 of 1st period - Shot Misses the Net.
12:08 of 1st period - Slapshot by Jordie Benn.
12:08 of 1st period - Stopped by Joonas Korpisalo without a rebound.
12:09 of 1st period - Sidney Crosby wins face-off versus Tyler Bozak in Sharks zone.
13:35 of 1st period - Wrist shot by Kenny Agostino.
13:35 of 1st period - Stopped by Corey Crawford without a rebound.
13:36 of 1st period - Sidney Crosby wins face-off versus Nicklas Backstrom in Islanders zone.
14:26 of 1st period - Jesper Fast is hit by Dylan Larkin and loses puck.
14:56 of 1st period - Snap shot by Tyler Bozak.
14:56 of 1st period - Stopped by Joonas Korpisalo without a rebound.
14:57 of 1st period - Nicklas Backstrom wins face-off versus Boone Jenner in Sharks zone.
15:33 of 1st period - Snap shot by Teuvo Teravainen.
15:33 of 1st period - Shot Misses the Net.
15:35 of 1st period - Slapshot by Mark Borowiecki.
15:35 of 1st period - Stopped by Corey Crawford with a rebound.
15:44 of 1st period - Icing by Jake Gardiner.
15:45 of 1st period - Justin Scott wins face-off versus Sidney Crosby in Islanders zone.
15:54 of 1st period - Wrist shot by Justin Scott.
15:54 of 1st period - Stopped by Joonas Korpisalo with a rebound.
15:56 of 1st period - Wrist shot by Logan Shaw.
15:56 of 1st period - Stopped by Joonas Korpisalo with a rebound.
16:39 of 1st period - Minor Penalty to Kerby Rychel for Charging.
16:40 of 1st period - Sidney Crosby wins face-off versus Nicklas Backstrom in Islanders zone.
16:40 of 1st period - Snap shot by Patric Hornqvist.
16:40 of 1st period - Shot Misses the Net.
16:42 of 1st period - Slapshot by Tyson Barrie.
16:42 of 1st period - Shot Misses the Net.
16:44 of 1st period - Snap shot by Sidney Crosby.
16:44 of 1st period - Goal by Sidney Crosby - Islanders : 0 - Sharks : 3.
16:45 of 1st period - Sidney Crosby wins face-off versus Nicklas Backstrom in neutral zone.
16:56 of 1st period - Snap shot by Nicklas Backstrom.
16:56 of 1st period - Shot Misses the Net.
17:39 of 1st period - Wrist shot by Teuvo Teravainen.
17:39 of 1st period - Deflect By Patric Hornqvist.
17:39 of 1st period - Shot Misses the Net.
17:39 of 1st period - Puck is out of play.
17:40 of 1st period - Nicklas Backstrom wins face-off versus Sidney Crosby in Islanders zone.
18:05 of 1st period - Alex Goligoski is hit by Patric Hornqvist and loses puck.
18:34 of 1st period - Matt Dumba is hit by Boone Jenner and loses puck.
18:47 of 1st period - Slapshot by Alex Pietrangelo.
18:47 of 1st period - Shot Misses the Net.
18:49 of 1st period - Wrist shot by Alex Pietrangelo.
18:49 of 1st period - Shot Misses the Net.
18:55 of 1st period - Wrist shot by Colton Sceviour.
18:55 of 1st period - Stopped by Corey Crawford with a rebound.
18:57 of 1st period - Wrist shot by Colton Sceviour.
18:57 of 1st period - Shot Misses the Net.
19:35 of 1st period - Icing by Justin Braun.
19:36 of 1st period - Chris Mueller wins face-off versus Patric Hornqvist in Sharks zone.
19:39 of 1st period - Wrist shot by Chris Mueller.
19:39 of 1st period - Stopped by Joonas Korpisalo with a rebound.
19:41 of 1st period - Snap shot by Jesper Fast.
19:41 of 1st period - Stopped by Joonas Korpisalo with a rebound.
Goals for this period are 0 for Islanders vs 3 for Sharks.
Shots for this period are 9 for Islanders vs 14 for Sharks.

2nd period


0:01 of 2nd period - Sidney Crosby wins face-off versus Nicklas Backstrom in neutral zone.
0:12 of 2nd period - Backhand shot by Sidney Crosby.
0:12 of 2nd period - Stopped by Corey Crawford with a rebound.
0:37 of 2nd period - Wrist shot by Jesper Fast.
0:37 of 2nd period - Shot Misses the Net.
0:49 of 2nd period - Snap shot by Teuvo Teravainen.
0:49 of 2nd period - Deflect By Dylan Larkin.
0:49 of 2nd period - Stopped by Corey Crawford with a rebound.
0:51 of 2nd period - Snap shot by Patric Hornqvist.
0:51 of 2nd period - Stopped by Corey Crawford with a rebound.
0:53 of 2nd period - Slapshot by Tyson Barrie.
0:53 of 2nd period - Shot Blocked by Timo Meier.
0:55 of 2nd period - Backhand shot by Justin Braun.
0:55 of 2nd period - Shot Hit the Post.
0:57 of 2nd period - Snap shot by Patric Hornqvist.
0:57 of 2nd period - Shot Blocked by Matt Dumba.
1:26 of 2nd period - Kyle Palmieri is hit by Gabriel Landeskog and loses puck.
1:47 of 2nd period - Snap shot by Vladimir Tarasenko.
1:47 of 2nd period - Shot Misses the Net.
1:53 of 2nd period - Chris Mueller is hit by Braydon Coburn and loses puck.
2:16 of 2nd period - Backhand shot by Timo Meier.
2:16 of 2nd period - Shot Blocked by Justin Braun.
2:18 of 2nd period - Snap shot by Kerby Rychel.
2:18 of 2nd period - Shot Misses the Net.
3:00 of 2nd period - Wrist shot by Nicklas Backstrom.
3:00 of 2nd period - Shot Misses the Net.
3:20 of 2nd period - Wrist shot by Jonathan Huberdeau.
3:20 of 2nd period - Stopped by Corey Crawford without a rebound.
3:21 of 2nd period - Sidney Crosby wins face-off versus Nicklas Backstrom in Islanders zone.
3:34 of 2nd period - Snap shot by Vladimir Tarasenko.
3:34 of 2nd period - Stopped by Joonas Korpisalo with a rebound.
3:36 of 2nd period - Slapshot by Jordie Benn.
3:36 of 2nd period - Stopped by Joonas Korpisalo with a rebound.
3:58 of 2nd period - Snap shot by Jonathan Drouin.
3:58 of 2nd period - Stopped by Corey Crawford without a rebound.
3:59 of 2nd period - Nicklas Backstrom wins face-off versus Dylan Larkin in Islanders zone.
4:02 of 2nd period - Slapshot by Teuvo Teravainen.
4:02 of 2nd period - Shot Misses the Net.
4:04 of 2nd period - Slapshot by Alex Pietrangelo.
4:04 of 2nd period - Deflect By Alex Goligoski.
4:04 of 2nd period - Stopped by Corey Crawford with a rebound.
4:06 of 2nd period - Snap shot by Braydon Coburn.
4:06 of 2nd period - Deflect By Teuvo Teravainen.
4:06 of 2nd period - Stopped by Corey Crawford with a rebound.
4:21 of 2nd period - Icing by Kyle Palmieri.
4:22 of 2nd period - Nicklas Backstrom wins face-off versus Boone Jenner in Islanders zone.
4:57 of 2nd period - Wrist shot by Nicklas Backstrom.
4:57 of 2nd period - Stopped by Joonas Korpisalo with a rebound.
5:09 of 2nd period - Braydon Coburn is hit by Alex Goligoski and loses puck.
5:30 of 2nd period - Wrist shot by Logan Shaw.
5:30 of 2nd period - Shot Blocked by Alex Pietrangelo.
5:38 of 2nd period - Slapshot by Colton Sceviour.
5:38 of 2nd period - Shot Misses the Net.
5:45 of 2nd period - Icing by Alex Goligoski.
5:46 of 2nd period - Boone Jenner wins face-off versus Justin Scott in Islanders zone.
6:16 of 2nd period - Snap shot by Boone Jenner.
6:16 of 2nd period - Shot Blocked by Karl Alzner.
6:18 of 2nd period - Snap shot by Boone Jenner.
6:18 of 2nd period - Stopped by Corey Crawford with a rebound.
6:20 of 2nd period - Snap shot by Boone Jenner.
6:20 of 2nd period - Stopped by Corey Crawford with a rebound.
6:22 of 2nd period - Slapshot by Justin Braun.
6:22 of 2nd period - Shot Misses the Net.
6:24 of 2nd period - Wrist shot by Mikkel Boedker.
6:24 of 2nd period - Stopped by Corey Crawford with a rebound.
6:37 of 2nd period - Icing by Alex Pietrangelo.
6:38 of 2nd period - Nicklas Backstrom wins face-off versus Dylan Larkin in Sharks zone.
7:20 of 2nd period - Wrist shot by Patric Hornqvist.
7:20 of 2nd period - Stopped by Corey Crawford without a rebound.
7:21 of 2nd period - Tyler Bozak wins face-off versus Sidney Crosby in Islanders zone.
8:23 of 2nd period - Icing by Jake Gardiner.
8:24 of 2nd period - Sidney Crosby wins face-off versus Justin Scott in Islanders zone.
8:36 of 2nd period - Mark Borowiecki is hit by Colin Greening and loses puck.
8:57 of 2nd period - Slapshot by Matt Dumba.
8:57 of 2nd period - Stopped by Joonas Korpisalo without a rebound.
8:58 of 2nd period - Nicklas Backstrom wins face-off versus Dylan Larkin in Sharks zone.
9:12 of 2nd period - Off-side.
9:13 of 2nd period - Tyler Bozak wins face-off versus Sidney Crosby in neutral zone.
9:16 of 2nd period - Wrist shot by Chris Mueller.
9:16 of 2nd period - Shot Blocked by Zach Werenski.
9:18 of 2nd period - Snap shot by Alex Goligoski.
9:18 of 2nd period - Shot Blocked by Jonathan Drouin.
9:20 of 2nd period - Slapshot by Karl Alzner.
9:20 of 2nd period - Stopped by Joonas Korpisalo with a rebound.
9:22 of 2nd period - Slapshot by Karl Alzner.
9:22 of 2nd period - Shot Misses the Net.
9:24 of 2nd period - Slapshot by Alex Goligoski.
9:24 of 2nd period - Shot Misses the Net.
9:26 of 2nd period - Slapshot by Karl Alzner.
9:26 of 2nd period - Shot Misses the Net.
9:28 of 2nd period - Snap shot by Tyler Bozak.
9:28 of 2nd period - Stopped by Joonas Korpisalo with a rebound.
9:43 of 2nd period - Slapshot by Teuvo Teravainen.
9:43 of 2nd period - Shot Misses the Net.
9:45 of 2nd period - Wrist shot by Dylan Larkin.
9:45 of 2nd period - Shot Blocked by Vladimir Tarasenko.
9:47 of 2nd period - Slapshot by Zach Werenski.
9:47 of 2nd period - Shot Blocked by Ryan Murray.
9:49 of 2nd period - Snap shot by Dylan Larkin.
9:49 of 2nd period - Stopped by Corey Crawford with a rebound.
10:05 of 2nd period - Snap shot by Colton Sceviour.
10:05 of 2nd period - Shot Hit the Post.
10:07 of 2nd period - Slapshot by Alex Pietrangelo.
10:07 of 2nd period - Shot Blocked by Ryan Murray.
10:09 of 2nd period - Slapshot by Braydon Coburn.
10:09 of 2nd period - Stopped by Corey Crawford without a rebound.
10:10 of 2nd period - Sidney Crosby wins face-off versus Tyler Bozak in Islanders zone.
10:35 of 2nd period - Justin Braun is hit by Kerby Rychel and loses puck.
10:44 of 2nd period - Snap shot by Boone Jenner.
10:44 of 2nd period - Goal by Boone Jenner - Islanders : 0 - Sharks : 4.
10:45 of 2nd period - Vladimir Tarasenko wins face-off versus Sidney Crosby in neutral zone.
12:00 of 2nd period - Wrist shot by Colton Sceviour.
12:00 of 2nd period - Shot Misses the Net.
12:02 of 2nd period - Slapshot by Justin Braun.
12:02 of 2nd period - Shot Blocked by Jake Gardiner.
12:04 of 2nd period - Snap shot by Steve Bernier.
12:04 of 2nd period - Goal by Steve Bernier - Islanders : 0 - Sharks : 5.
12:05 of 2nd period - Gabriel Landeskog wins face-off versus Kyle Palmieri in neutral zone.
12:13 of 2nd period - Off-side.
12:14 of 2nd period - Sidney Crosby wins face-off versus Nicklas Backstrom in neutral zone.
12:17 of 2nd period - Slapshot by Zach Werenski.
12:17 of 2nd period - Shot Blocked by Matt Dumba.
12:19 of 2nd period - Slapshot by Mark Borowiecki.
12:19 of 2nd period - Deflect By Jonathan Drouin.
12:19 of 2nd period - Shot Blocked by Jake Gardiner.
12:19 of 2nd period - Puck is out of play.
12:20 of 2nd period - Sidney Crosby wins face-off versus Nicklas Backstrom in Islanders zone.
12:55 of 2nd period - Snap shot by Dylan Larkin.
12:55 of 2nd period - Shot Misses the Net.
13:29 of 2nd period - Boone Jenner is hit by Colin Greening and loses puck.
13:56 of 2nd period - Snap shot by Vladimir Tarasenko.
13:56 of 2nd period - Stopped by Joonas Korpisalo with a rebound.
13:58 of 2nd period - Wrist shot by Kyle Palmieri.
13:58 of 2nd period - Stopped by Joonas Korpisalo with a rebound.
14:17 of 2nd period - Snap shot by Jesper Fast.
14:17 of 2nd period - Shot Misses the Net.
14:35 of 2nd period - Slapshot by Kenny Agostino.
14:35 of 2nd period - Stopped by Corey Crawford with a rebound.
14:37 of 2nd period - Slapshot by Mark Borowiecki.
14:37 of 2nd period - Stopped by Corey Crawford with a rebound.
14:39 of 2nd period - Snap shot by Colton Sceviour.
14:39 of 2nd period - Shot Hit the Post.
14:47 of 2nd period - Minor Penalty to Radek Faksa for Interference.
14:48 of 2nd period - Nicklas Backstrom wins face-off versus Patric Hornqvist in Islanders zone.
15:01 of 2nd period - Snap shot by Patric Hornqvist.
15:01 of 2nd period - Goal by Patric Hornqvist - Islanders : 0 - Sharks : 6.
15:02 of 2nd period - Sidney Crosby wins face-off versus Nicklas Backstrom in neutral zone.
15:05 of 2nd period - Slapshot by Zach Werenski.
15:05 of 2nd period - Stopped by Corey Crawford without a rebound.
15:06 of 2nd period - Sidney Crosby wins face-off versus Nicklas Backstrom in Islanders zone.
15:37 of 2nd period - Slapshot by Patric Hornqvist.
15:37 of 2nd period - Stopped by Corey Crawford with a rebound.
15:52 of 2nd period - Off-side.
15:53 of 2nd period - Boone Jenner wins face-off versus Timo Meier in neutral zone.
16:00 of 2nd period - Wrist shot by Jonathan Huberdeau.
16:00 of 2nd period - Shot Misses the Net.
16:02 of 2nd period - Slapshot by Braydon Coburn.
16:02 of 2nd period - Stopped by Corey Crawford without a rebound.
16:03 of 2nd period - Nicklas Backstrom wins face-off versus Dylan Larkin in Islanders zone.
16:03 of 2nd period - Nicklas Backstrom is hit by Patric Hornqvist.
16:51 of 2nd period - Off-side.
16:52 of 2nd period - Radek Faksa wins face-off versus Boone Jenner in neutral zone.
16:54 of 2nd period - Off-side.
16:55 of 2nd period - Nicklas Backstrom wins face-off versus Dylan Larkin in neutral zone.
17:49 of 2nd period - Snap shot by Dylan Larkin.
17:49 of 2nd period - Stopped by Corey Crawford with a rebound.
17:55 of 2nd period - Slapshot by Teuvo Teravainen.
17:55 of 2nd period - Stopped by Corey Crawford with a rebound.
17:57 of 2nd period - Slapshot by Tyson Barrie.
17:57 of 2nd period - Shot Misses the Net.
17:59 of 2nd period - Wrist shot by Teuvo Teravainen.
17:59 of 2nd period - Shot Misses the Net.
18:01 of 2nd period - Snap shot by Patric Hornqvist.
18:01 of 2nd period - Stopped by Corey Crawford without a rebound.
18:02 of 2nd period - Nicklas Backstrom wins face-off versus Sidney Crosby in Islanders zone.
18:23 of 2nd period - Nicklas Backstrom is hit by Jonathan Drouin and loses puck.
18:32 of 2nd period - Wrist shot by Kyle Palmieri.
18:32 of 2nd period - Shot Misses the Net.
18:44 of 2nd period - Wrist shot by Nicklas Backstrom.
18:44 of 2nd period - Shot Misses the Net.
18:46 of 2nd period - Wrist shot by Nicklas Backstrom.
18:46 of 2nd period - Shot Blocked by Mark Borowiecki.
19:26 of 2nd period - Snap shot by Karl Alzner.
19:26 of 2nd period - Shot Misses the Net.
19:28 of 2nd period - Slapshot by Alex Goligoski.
19:28 of 2nd period - Deflect By Vladimir Tarasenko.
19:28 of 2nd period - Shot Blocked by Sidney Crosby.
19:28 of 2nd period - Puck is out of play.
19:29 of 2nd period - Tyler Bozak wins face-off versus Boone Jenner in Sharks zone.
19:34 of 2nd period - Slapshot by Tyler Bozak.
19:34 of 2nd period - Shot Misses the Net.
19:40 of 2nd period - Snap shot by Alex Pietrangelo.
19:40 of 2nd period - Stopped by Corey Crawford without a rebound.
19:41 of 2nd period - Boone Jenner wins face-off versus Tyler Bozak in Islanders zone.
Goals for this period are 0 for Islanders vs 3 for Sharks.
Shots for this period are 8 for Islanders vs 25 for Sharks.

3rd period


0:01 of 3rd period - Dylan Larkin wins face-off versus Jesper Fast in neutral zone.
0:10 of 3rd period - Snap shot by Patric Hornqvist.
0:10 of 3rd period - Goal by Patric Hornqvist - Islanders : 0 - Sharks : 7.
0:11 of 3rd period - Tyler Bozak wins face-off versus Boone Jenner in neutral zone.
0:14 of 3rd period - Slapshot by Tyler Bozak.
0:14 of 3rd period - Shot Blocked by Justin Braun.
0:16 of 3rd period - Wrist shot by Chris Mueller.
0:16 of 3rd period - Stopped by Joonas Korpisalo without a rebound.
0:17 of 3rd period - Tyler Bozak wins face-off versus Boone Jenner in Sharks zone.
0:28 of 3rd period - Snap shot by Jesper Fast.
0:28 of 3rd period - Stopped by Joonas Korpisalo with a rebound.
0:30 of 3rd period - Snap shot by Karl Alzner.
0:30 of 3rd period - Stopped by Joonas Korpisalo without a rebound.
0:31 of 3rd period - Dylan Larkin wins face-off versus Kyle Palmieri in Sharks zone.
0:38 of 3rd period - Slapshot by Alex Pietrangelo.
0:38 of 3rd period - Shot Blocked by Alex Goligoski.
0:40 of 3rd period - Slapshot by Braydon Coburn.
0:40 of 3rd period - Stopped by Corey Crawford without a rebound.
0:41 of 3rd period - Nicklas Backstrom wins face-off versus Dylan Larkin in Islanders zone.
0:52 of 3rd period - Slapshot by Alex Goligoski.
0:52 of 3rd period - Deflect By Patric Hornqvist.
0:52 of 3rd period - Stopped by Joonas Korpisalo without a rebound.
0:53 of 3rd period - Tyler Bozak wins face-off versus Sidney Crosby in Sharks zone.
0:57 of 3rd period - Alex Goligoski beats up Gabriel Landeskog.
0:57 of 3rd period - Penalty to Gabriel Landeskog for Fighting.
0:57 of 3rd period - Penalty to Alex Goligoski for Fighting.
0:57 of 3rd period - Penalty to Gabriel Landeskog for instigated a fight.
0:57 of 3rd period - Penalty to Gabriel Landeskog for instigated a fight.
0:58 of 3rd period - Nicklas Backstrom wins face-off versus Colton Sceviour in Sharks zone.
1:07 of 3rd period - Snap shot by Kyle Palmieri.
1:07 of 3rd period - Deflect By Nicklas Backstrom.
1:07 of 3rd period - Goal by Nicklas Backstrom - Islanders : 1 - Sharks : 7.
1:08 of 3rd period - Nicklas Backstrom wins face-off versus Boone Jenner in neutral zone.
1:21 of 3rd period - Wrist shot by Nicklas Backstrom.
1:21 of 3rd period - Shot Blocked by Alex Pietrangelo.
1:26 of 3rd period - Off-side.
1:27 of 3rd period - Teuvo Teravainen wins face-off versus Tyler Bozak in neutral zone.
1:57 of 3rd period - Wrist shot by Vladimir Tarasenko.
1:57 of 3rd period - Stopped by Joonas Korpisalo without a rebound.
1:58 of 3rd period - Sidney Crosby wins face-off versus Nicklas Backstrom in Sharks zone.
2:51 of 3rd period - Wrist shot by Radek Faksa.
2:51 of 3rd period - Stopped by Joonas Korpisalo without a rebound.
2:52 of 3rd period - Boone Jenner wins face-off versus Radek Faksa in Sharks zone.
2:54 of 3rd period - Boone Jenner and Radek Faksa fight to a draw.
2:54 of 3rd period - Penalty to Boone Jenner for Fighting.
2:54 of 3rd period - Penalty to Radek Faksa for Fighting.
2:54 of 3rd period - Penalty to Radek Faksa for instigated a fight.
2:54 of 3rd period - Penalty to Radek Faksa for instigated a fight.
2:55 of 3rd period - Nicklas Backstrom wins face-off versus Sidney Crosby in neutral zone.
3:00 of 3rd period - Alex Pietrangelo is hit by Ryan Murray and loses puck.
3:47 of 3rd period - Tyler Bozak is hit by Jonathan Huberdeau and loses puck.
4:54 of 3rd period - Penalty to Radek Faksa is over, Jesper Fast is send on ice.
5:13 of 3rd period - Snap shot by Jesper Fast.
5:13 of 3rd period - Shot Misses the Net.
5:36 of 3rd period - Slapshot by Jake Gardiner.
5:36 of 3rd period - Stopped by Joonas Korpisalo with a rebound.
5:41 of 3rd period - Off-side.
5:42 of 3rd period - Colin Greening wins face-off versus Mikkel Boedker in neutral zone.
5:45 of 3rd period - Jonathan Huberdeau is hit by Colin Greening and loses puck.
5:54 of 3rd period - Colin Greening is hit by Justin Braun and loses puck.
6:18 of 3rd period - Icing by Nicklas Backstrom.
6:19 of 3rd period - Nicklas Backstrom wins face-off versus Dylan Larkin in Islanders zone.
6:19 of 3rd period - Nicklas Backstrom is hit by Patric Hornqvist.
6:27 of 3rd period - Icing by Dylan Larkin.
6:28 of 3rd period - Tyler Bozak wins face-off versus Dylan Larkin in Sharks zone.
6:33 of 3rd period - Wrist shot by Jesper Fast.
6:33 of 3rd period - Stopped by Joonas Korpisalo with a rebound.
6:39 of 3rd period - Slapshot by Tyson Barrie.
6:39 of 3rd period - Shot Blocked by Tyler Bozak.
6:45 of 3rd period - Snap shot by Dylan Larkin.
6:45 of 3rd period - Stopped by Corey Crawford with a rebound.
7:13 of 3rd period - Snap shot by Patric Hornqvist.
7:13 of 3rd period - Stopped by Corey Crawford with a rebound.
7:15 of 3rd period - Slapshot by Tyson Barrie.
7:15 of 3rd period - Shot Misses the Net.
7:17 of 3rd period - Slapshot by Justin Braun.
7:17 of 3rd period - Stopped by Corey Crawford without a rebound.
7:18 of 3rd period - Sidney Crosby wins face-off versus Nicklas Backstrom in Islanders zone.
7:31 of 3rd period - Snap shot by Nicklas Backstrom.
7:31 of 3rd period - Shot Hit the Post.
7:43 of 3rd period - Colin Greening is hit by Braydon Coburn and loses puck.
8:06 of 3rd period - Wrist shot by Vladimir Tarasenko.
8:06 of 3rd period - Stopped by Joonas Korpisalo with a rebound.
8:08 of 3rd period - Slapshot by Matt Dumba.
8:08 of 3rd period - Deflect By Kyle Palmieri.
8:08 of 3rd period - Stopped by Joonas Korpisalo with a rebound.
8:20 of 3rd period - Wrist shot by Logan Shaw.
8:20 of 3rd period - Shot Blocked by Mark Borowiecki.
8:37 of 3rd period - Icing by Boone Jenner.
8:38 of 3rd period - Tyler Bozak wins face-off versus Sidney Crosby in Sharks zone.
8:51 of 3rd period - Wrist shot by Tyler Bozak.
8:51 of 3rd period - Stopped by Joonas Korpisalo with a rebound.
9:02 of 3rd period - Off-side.
9:03 of 3rd period - Dylan Larkin wins face-off versus Colin Greening in neutral zone.
9:14 of 3rd period - Timo Meier is hit by Dylan Larkin and loses puck.
9:58 of 3rd period - Snap shot by Jonathan Huberdeau.
9:58 of 3rd period - Goal by Jonathan Huberdeau - Islanders : 1 - Sharks : 8.
9:59 of 3rd period - Nicklas Backstrom wins face-off versus Sidney Crosby in neutral zone.
10:27 of 3rd period - Snap shot by Timo Meier.
10:27 of 3rd period - Shot Misses the Net.
10:35 of 3rd period - Slapshot by Sidney Crosby.
10:35 of 3rd period - Shot Blocked by Karl Alzner.
10:37 of 3rd period - Wrist shot by Jonathan Drouin.
10:37 of 3rd period - Stopped by Corey Crawford with a rebound.
10:39 of 3rd period - Snap shot by Sidney Crosby.
10:39 of 3rd period - Deflect By Boone Jenner.
10:39 of 3rd period - Shot Blocked by Karl Alzner.
10:39 of 3rd period - Puck is out of play.
10:40 of 3rd period - Tyler Bozak wins face-off versus Dylan Larkin in Islanders zone.
10:49 of 3rd period - Wrist shot by Jesper Fast.
10:49 of 3rd period - Stopped by Joonas Korpisalo without a rebound.
10:50 of 3rd period - Tyler Bozak wins face-off versus Dylan Larkin in Sharks zone.
11:25 of 3rd period - Snap shot by Teuvo Teravainen.
11:25 of 3rd period - Shot Blocked by Chris Mueller.
11:27 of 3rd period - Wrist shot by Justin Braun.
11:27 of 3rd period - Stopped by Corey Crawford without a rebound.
11:28 of 3rd period - Boone Jenner wins face-off versus Kyle Palmieri in Islanders zone.
11:33 of 3rd period - Snap shot by Boone Jenner.
11:33 of 3rd period - Deflect By Mikkel Boedker.
11:33 of 3rd period - Goal by Mikkel Boedker - Islanders : 1 - Sharks : 9.
11:34 of 3rd period - Nicklas Backstrom wins face-off versus Mikkel Boedker in neutral zone.
11:43 of 3rd period - Snap shot by Jonathan Huberdeau.
11:43 of 3rd period - Stopped by Corey Crawford with a rebound.
11:49 of 3rd period - Wrist shot by Mikkel Boedker.
11:49 of 3rd period - Stopped by Corey Crawford without a rebound.
11:50 of 3rd period - Tyler Bozak wins face-off versus Sidney Crosby in Islanders zone.
12:17 of 3rd period - Alex Goligoski is hit by Braydon Coburn and loses puck.
13:04 of 3rd period - Minor Penalty to Chris Mueller for Hooking.
13:05 of 3rd period - Patric Hornqvist wins face-off versus Nicklas Backstrom in Islanders zone.
14:57 of 3rd period - Alex Goligoski is hit by Braydon Coburn.
15:04 of 3rd period - Penalty to Chris Mueller is over, Chris Mueller is back on ice.
15:10 of 3rd period - Matt Dumba is hit by Teuvo Teravainen and loses puck.
15:21 of 3rd period - Snap shot by Colton Sceviour.
15:21 of 3rd period - Stopped by Corey Crawford with a rebound.
15:25 of 3rd period - Slapshot by Colton Sceviour.
15:25 of 3rd period - Stopped by Corey Crawford with a rebound.
15:49 of 3rd period - Dylan Larkin is hit by Jesper Fast and loses puck.
15:57 of 3rd period - 10 Minutes Misconduct Penalty to Gabriel Landeskog is over.
16:19 of 3rd period - Icing by Mikkel Boedker.
16:20 of 3rd period - Tyler Bozak wins face-off versus Mikkel Boedker in Sharks zone.
17:02 of 3rd period - Alex Goligoski is hit by Dylan Larkin.
17:42 of 3rd period - Alex Goligoski is hit by Sidney Crosby and loses puck.
17:54 of 3rd period - 10 Minutes Misconduct Penalty to Radek Faksa is over.
18:34 of 3rd period - Off-side.
18:35 of 3rd period - Radek Faksa wins face-off versus Sidney Crosby in neutral zone.
19:04 of 3rd period - Wrist shot by Nicklas Backstrom.
19:04 of 3rd period - Shot Blocked by Braydon Coburn.
19:06 of 3rd period - Slapshot by Jake Gardiner.
19:06 of 3rd period - Deflect By Jonathan Huberdeau.
19:06 of 3rd period - Stopped by Joonas Korpisalo without a rebound.
19:07 of 3rd period - Nicklas Backstrom wins face-off versus Boone Jenner in Sharks zone.
19:32 of 3rd period - Ryan Murray is hit by Gabriel Landeskog and loses puck.
19:54 of 3rd period - Wrist shot by Patric Hornqvist.
19:54 of 3rd period - Stopped by Corey Crawford with a rebound.
19:56 of 3rd period - Snap shot by Teuvo Teravainen.
19:56 of 3rd period - Goal by Teuvo Teravainen - Islanders : 1 - Sharks : 10.
19:57 of 3rd period - Nicklas Backstrom wins face-off versus Sidney Crosby in neutral zone.
19:59 of 3rd period - Off-side.
Goals for this period are 1 for Islanders vs 4 for Sharks.
Shots for this period are 14 for Islanders vs 15 for Sharks.